AoeStats
← Tefo.

Arena

508420298Analyzed
4v4 RM · 11d ago on Sep 22, 2026· 35m 21s· 8 players
Game mode
Random Map
Map size
Large (8 player)
Population
200
Speed
Normal
Resources
Standard
Victory
Conquest
Starting age
Dark Age
Ending age
Imperial Age
RankedLock teamsTeams togetherTeam positionsShared explorationLock speedFull tech treeHidden civsTurbo modeCheats
Victory
Defeat
🇹🇷 Mapuche · Türkiye
1787
+5
🇹🇷 Persians · Türkiye
1442
+17
🇹🇷 Aztecs · Türkiye
1400
+41
🇹🇷 Italians · Türkiye
1286
+22
🇺🇸 Dravidians · United States
1507
-17
🇷🇺 Mapuche · Russia
1481
-16
🇩🇪 Persians · Germany
1475
-16
1427
-14
Curly
9:46 Feudal Age
14:46 Castle Age
12:57 Double-Bit Axe
17:27 Horse Collar
22:39 Wheelbarrow
24:26 Hand Cart
29:10 Imperial Age
26:34 Fletching
26:44 Padded Archer Armor
27:08 Ballistics
28:29 Thumb Ring
28:22 Bodkin Arrow
28:42 Leather Archer Armor
29:06 Medical Corps
29:34 Leather Archer Armor
30:55 Chemistry
31:40 Bracer
32:10 Ring Archer Armor
31:22 Elite Elephant Archer
32:02 Loom
32:06 Crossbowman
32:06 Elite Skirmisher
33:26 Conscription
34:51 Gold Mining
PaInCaKe97
10:13 Feudal Age
10:50 Loom
13:47 Castle Age
11:54 Horse Collar
13:02 Double-Bit Axe
14:55 Bow Saw
16:34 Heavy Plow
21:49 Gold Mining
22:19 Scale Barding Armor
22:26 Bloodlines
24:42 Wheelbarrow
25:17 Forging
27:04 Chain Barding Armor
29:36 Husbandry
30:00 Hand Cart
29:33 Town Watch
33:27 Imperial Age
31:17 Caravan
32:18 Iron Casting
Riveryyy
10:27 Feudal Age
14:12 Castle Age
12:11 Horse Collar
12:16 Double-Bit Axe
17:09 Bow Saw
23:17 Loom
27:01 Imperial Age
24:35 Fletching
24:45 Padded Archer Armor
25:16 Padded Archer Armor
25:41 Ballistics
26:06 Gold Mining
26:53 Wheelbarrow
26:56 Bodkin Arrow
29:01 Leather Archer Armor
29:07 Hand Cart
29:48 Conscription
潮喜歡說故事的洛洛
5:51 Loom
8:19 Feudal Age
11:56 Double-Bit Axe
17:27 Fletching
17:47 Forging
25:49 Town Watch
26:06 Horse Collar
28:46 Castle Age
30:05 Wheelbarrow
30:51 Town Patrol
Barış Manço
10:04 Feudal Age
9:26 Loom
14:15 Castle Age
14:58 Double-Bit Axe
17:58 Sanctity
19:15 Fervor
19:09 Horse Collar
20:02 Bow Saw
23:16 Heavy Plow
25:10 Redemption
27:01 Gold Mining
27:16 Atonement
29:29 Devotion
30:09 Herbal Medicine
34:35 Imperial Age
32:19 Fletching
32:29 Padded Archer Armor
32:20 Fletching
33:18 Gold Shaft Mining
33:10 Murder Holes
33:12 Bodkin Arrow
35:00 Ballistics
34:57 Leather Archer Armor
34:43 Scale Mail Armor
34:53 Forging
35:42 Illumination
35:33 Block Printing
35:39 Faith
35:55 Theocracy
Tefo.
10:24 Feudal Age
14:01 Castle Age
12:27 Double-Bit Axe
15:51 Bow Saw
20:55 Wheelbarrow
20:30 Horse Collar
22:12 Heavy Plow
22:52 Gold Mining
23:48 Hand Cart
23:25 Loom
29:13 Imperial Age
27:29 Scale Barding Armor
27:36 Forging
28:54 Chain Barding Armor
29:07 Bloodlines
28:57 Husbandry
29:37 Iron Casting
29:19 Cavalier
30:59 Plate Barding Armor
32:30 Blast Furnace
31:06 Savar
35:28 Two-Man Saw
34:40 Masonry
35:11 Crop Rotation
ShukunKuroi
9:42 Feudal Age
11:45 Loom
14:06 Castle Age
11:54 Double-Bit Axe
25:08 Imperial Age
23:13 Scale Mail Armor
23:16 Horse Collar
24:41 Chain Mail Armor
25:38 Bow Saw
26:52 Chemistry
27:21 Gold Mining
29:22 Squires
34:51 Stone Mining
36:02 Two-Man Saw
35:04 Heavy Plow
Edelreiss
10:00 Feudal Age
11:07 Double-Bit Axe
14:02 Castle Age
12:07 Horse Collar
14:59 Bow Saw
20:37 Wheelbarrow
22:11 Hand Cart
27:10 Imperial Age
24:47 Loom
25:37 Masonry
25:22 Fletching
25:38 Gold Mining
25:38 Stone Mining
25:49 Heavy Plow
26:30 Bodkin Arrow
26:44 Padded Archer Armor
27:29 Ballistics
28:59 Chemistry
32:51 Elite Bolas Rider
Connection lost

Rejoining the realm…

Still unreachable

The connection could not be restored.

Session expired

The server has moved on; the page needs a fresh start.